Map: Royal Blood LE

Players

Zip - Winner!

  • Race: Zerg Zerg
  • League: Platinum
  • Spawn Location: 1:00

Void

  • Race: Terran Terran
  • League: Platinum
  • Spawn Location: 7:00

VOD

Have the link to the VOD?

Description

Time

  • Played on: Aug. 14, 2023, 11:08 a.m.
  • Length: 19:52
Show
View Real Time Build Order
Export as new Build Order

Zip Zerg - Winner!

Build Orders: Hatch First 

Get SALT Encoding   

  12  0:00  Drone  
  13  0:12  Overlord  
  13  0:17  Drone  
  14  0:31  Drone x2  
  16  0:41  Drone  
  17  0:46  Drone  
  18  0:59  Drone  
  18  1:00  Hatchery  
  18  1:16  Drone  
  18  1:18  Spawning Pool  
  18  1:30  Drone x2  
  20  1:48  Drone  
  20  1:50  Overlord  
  20  1:51  Hatchery  
  20  1:56  Extractor  
  19  2:06  Zergling x2  
  19  2:08  Queen  
  22  2:14  Queen  
  24  2:24  Overlord  
  24  2:34  Drone x2  
  24  2:35  Drone x2  
  28  2:40  Drone  
  30  2:51  Drone x2  
  30  2:55  Queen  
  30  2:57  Drone x2  
  35  3:04  Drone  
  36  3:14  Drone x3  
  36  3:17  Drone  
  36  3:18  Queen  
  43  3:20  Drone  
  43  3:29  Drone x6  
  49  3:37  Overlord  
  49  3:38  Overlord  
  49  3:42  Metabolic Boost  
  49  3:44  Spore Crawler  
  49  3:46  Spore Crawler  
  47  3:49  Drone  
  47  3:50  Drone  
  47  3:52  Zergling x2  
  47  3:55  Queen  
  52  4:07  Extractor  
  52  4:08  Extractor  
  52  4:09  Extractor  
  49  4:12  Zergling x4, Baneling Nest  
  49  4:13  Zergling x10  
  49  4:14  Overlord  
  55  4:30  Drone x3  
  55  4:31  Drone  
  59  4:33  Extractor  
  58  4:43  Drone x6  
  58  4:44  Drone x4  
  69  4:52  Zergling x2  
  69  4:57  Lair, Spore Crawler  
  69  4:58  Zergling x6  
  69  4:59  Zergling x4  
  73  5:16  Extractor  
  72  5:22  Drone  
  72  5:23  Drone, Overlord x3  
  72  5:27  Overlord  
  74  5:32  Evolution Chamber  
  74  5:33  Evolution Chamber  
  72  5:44  Drone x3  
  75  5:50  Spore Crawler  
  75  5:52  Spore Crawler  
  75  5:55  Spore Crawler  
  72  5:58  Drone  
  72  5:59  Drone x4  
  77  6:18  Drone x2, Zergling x2  
  78  6:19  Drone x7  
  78  6:20  Drone x4  
  91  6:28  Centrifugal Hooks  
  91  6:30  Spire  
  91  6:31  Zerg Melee Weapons Level 1  
  91  6:32  Zerg Ground Armor Level 1  
  90  6:37  Drone x2  
  90  6:38  Drone x3  
  95  6:42  Zergling x6  
  98  6:47  Zergling x2  
  98  6:50  Baneling x2  
  98  6:51  Baneling x4  
  93  7:11  Zergling x12  
  93  7:12  Zergling x8  
  99  7:19  Zergling x6  
  101  7:37  Hatchery  
  101  7:44  Hatchery  
  99  7:47  Mutalisk x3  
  99  7:48  Overlord  
  99  7:49  Overlord x3  
  105  8:00  Spore Crawler  
  105  8:02  Baneling x2  
  105  8:03  Baneling x6  
  104  8:17  Mutalisk x4  
  104  8:18  Mutalisk x6  
  124  8:41  Hatchery  
  124  8:44  Hatchery  
  124  8:48  Zergling x6  
  123  8:49  Zergling x12  
  131  8:56  Zergling x4  
  131  8:57  Zergling x4  
  135  9:04  Zergling x2  
  135  9:08  Zergling x6  
  127  9:35  Zergling x2  
  127  9:36  Zergling x14  
  127  9:37  Zergling x2  
  134  9:41  Zerg Melee Weapons Level 2  
  134  9:43  Zerg Ground Armor Level 2  
  134  9:48  Infestation Pit  
  134  9:50  Zergling x16  
  134  9:51  Zergling x2  
  142  9:53  Baneling  
  142  9:54  Baneling x22  
  142  9:55  Baneling  
  142  10:02  Drone x3  
  145  10:22  Zergling x22  
  145  10:26  Hive  
  156  10:32  Drone  
  157  10:37  Zergling x10  
  157  10:38  Overlord  
  157  10:39  Overlord x3  
  157  10:41  Pathogen Glands  
  162  10:47  Extractor x2  
  160  10:52  Hydralisk Den  
  148  11:16  Zergling x2  
  148  11:17  Zergling x40  
  164  11:25  Baneling x3  
  158  11:26  Baneling x9  
  158  11:27  Baneling  
  158  11:30  Infestor x5  
  117  11:54  Zergling x14  
  117  11:55  Zergling x12  
  117  12:05  Zergling x4  
  117  12:06  Zergling x12  
  104  12:16  Zergling x6  
  104  12:17  Zergling x6  
  104  12:19  Baneling  
  104  12:20  Baneling x12  
  110  12:24  Mutalisk x2  
  110  12:25  Mutalisk x4  
  122  12:43  Baneling  
  122  12:44  Baneling x10  
  122  12:45  Zergling x22  
  122  12:48  Grooved Spines  
  122  12:49  Zerg Melee Weapons Level 3  
  122  12:50  Zerg Ground Armor Level 3  
  133  12:58  Zergling x14  
  134  12:59  Ultralisk Cavern  
  139  13:08  Drone x5  
  139  13:09  Drone  
  139  13:10  Drone x2  
  139  13:11  Drone  
  148  13:14  Zergling x2  
  148  13:16  Baneling x5, Mutalisk  
  148  13:17  Mutalisk x6  
  163  13:27  Zergling x2  
  163  13:28  Zergling x18  
  163  13:33  Adrenal Glands  
  173  13:36  Drone x2  
  173  13:37  Drone  
  176  13:56  Mutalisk x2  
  176  13:57  Mutalisk x3  
  176  14:00  Overlord x3  
  157  14:30  Ultralisk x3  
  175  14:31  Zergling x8  
  175  14:32  Zergling x14  
  175  14:33  Zergling x8  
  190  14:41  Extractor  
  190  14:42  Extractor  
  188  14:50  Mutalisk  
  188  14:52  Zergling x10  
  195  14:53  Zergling x2  
  195  14:58  Hatchery  
  195  14:59  Hatchery  
  194  15:01  Chitinous Plating  
  194  15:05  Zergling x4  
  194  15:06  Zergling x6  
  194  15:07  Zergling x2  
  198  15:33  Zergling x2  
  198  15:34  Zergling x2  
  200  15:37  Baneling  
  200  15:38  Baneling x26  
  200  15:39  Baneling x2  
  163  16:19  Anabolic Synthesis  
  163  16:21  Hatchery  
  162  16:39  Drone x7  
  169  16:42  Drone  
  169  16:43  Drone x2  
  169  16:46  Ultralisk x4  
  196  16:49  Baneling  
  196  16:50  Baneling x17  
  196  16:51  Baneling x2  
  196  17:16  Hatchery  
  195  17:33  Zergling x2  
  195  17:34  Zergling x8  
  195  17:37  Baneling x12  
  200  17:38  Baneling x18  
  200  18:00  Extractor  
  200  18:03  Extractor  
  200  18:05  Extractor  
  197  18:15  Drone x3  
  197  18:17  Extractor  
  170  18:46  Zergling x18  
  170  18:47  Zergling x44  
  157  19:11  Zergling x14  
  157  19:12  Zergling x28  
Show
View Real Time Build Order
Export as new Build Order

Void Terran 

Build Orders:  

Get SALT Encoding   

  12  0:02  SCV  
  13  0:14  SCV  
  13  0:20  Supply Depot  
  14  0:32  SCV  
  15  0:42  Barracks  
  15  0:44  SCV  
  16  0:53  Refinery  
  16  0:56  SCV  
  17  1:08  SCV  
  18  1:20  SCV  
  19  1:31  Marine  
  20  1:33  Orbital Command  
  20  1:46  Command Center  
  20  1:49  Marine  
  21  1:57  Supply Depot  
  21  2:01  SCV  
  22  2:13  SCV  
  23  2:19  Barracks Reactor, Factory  
  23  2:25  SCV  
  24  2:37  SCV  
  24  2:44  Barracks  
  25  2:49  SCV  
  26  2:56  Marine x2  
  28  3:04  Factory Tech Lab, Starport  
  28  3:06  Refinery, SCV  
  28  3:10  Orbital Command  
  29  3:16  Marine  
  29  3:18  SCV  
  31  3:20  Marine  
  32  3:31  SCV  
  33  3:39  Marine x2  
  35  3:41  Barracks Tech Lab  
  35  3:43  SCV  
  35  3:44  Starport Reactor  
  35  3:45  SCV  
  37  3:55  SCV, Siege Tank  
  41  3:57  Marine x2  
  41  3:58  SCV  
  41  4:02  Marine  
  45  4:07  SCV  
  45  4:08  Supply Depot  
  46  4:10  Supply Depot  
  46  4:12  SCV  
  46  4:13  Stimpack  
  46  4:15  Marine x2  
  49  4:19  SCV  
  49  4:20  Marine  
  52  4:24  SCV  
  52  4:31  SCV  
  52  4:32  Supply Depot  
  52  4:33  Marine x2  
  52  4:36  SCV, Supply Depot  
  52  4:38  Marine  
  57  4:42  Refinery  
  57  4:43  SCV  
  58  4:48  SCV  
  58  4:49  Medivac  
  58  4:50  Medivac  
  58  4:51  Marine  
  64  4:55  SCV  
  64  4:57  Marine x2  
  67  5:00  SCV  
  68  5:08  Marine  
  68  5:09  Command Center  
  68  5:10  SCV  
  68  5:14  SCV  
  71  5:18  Marine  
  71  5:19  Marine  
  73  5:26  Marine, Supply Depot  
  74  5:28  Supply Depot  
  74  5:30  SCV  
  74  5:31  SCV  
  76  5:36  Marine x2  
  76  5:37  Engineering Bay  
  76  5:40  Engineering Bay  
  76  5:42  SCV  
  79  5:43  SCV  
  79  5:44  Marine  
  79  5:49  Supply Depot  
  81  5:53  Supply Depot  
  81  5:54  SCV  
  81  5:55  SCV  
  81  5:56  Combat Shield, Refinery  
  83  5:57  Marine x2  
  83  6:00  Medivac  
  83  6:02  Marine  
  88  6:15  Marine x2  
  88  6:17  Supply Depot  
  90  6:18  Supply Depot  
  90  6:20  Marine  
  90  6:21  SCV x2  
  90  6:23  Orbital Command  
  93  6:28  Terran Infantry Weapons Level 1  
  93  6:31  Terran Infantry Armor Level 1  
  93  6:33  SCV x2, Marine x2, Medivac  
  93  6:35  Medivac  
  93  6:37  Marine  
  102  6:42  Orbital Command  
  102  6:44  Armory  
  102  6:50  Marine  
  102  6:51  Marine  
  102  6:54  Barracks  
  104  6:55  Marine  
  97  7:08  Marine x2, Siege Tank  
  97  7:09  Medivac x2  
  97  7:13  Marine  
  97  7:14  SCV x3  
  105  7:22  Barracks  
  100  7:25  Barracks, Concussive Shells  
  100  7:26  SCV x3, Marine  
  100  7:28  Marauder  
  106  7:38  SCV x2  
  106  7:40  Marine, Thor  
  106  7:43  Barracks Reactor  
  115  7:44  Supply Depot  
  115  7:45  Marine  
  115  7:49  Marauder, Medivac x2  
  122  7:51  SCV  
  122  7:52  SCV  
  122  7:54  SCV  
  122  7:58  Marine  
  125  8:03  SCV, Marine  
  125  8:04  SCV  
  129  8:05  Command Center  
  129  8:08  Barracks Reactor  
  129  8:10  Marine  
  129  8:12  Barracks Tech Lab  
  130  8:16  Marine  
  131  8:21  Marine  
  131  8:23  SCV x2  
  134  8:28  SCV, Supply Depot  
  134  8:29  Marauder  
  134  8:30  Terran Infantry Weapons Level 2  
  134  8:31  Terran Infantry Armor Level 2  
  137  8:35  SCV  
  138  8:43  Marine x3  
  138  8:44  Marine  
  138  8:48  Barracks  
  143  8:49  Marine, Marauder  
  143  8:50  Marine x2  
  143  8:52  Refinery  
  143  8:54  Thor  
  153  8:56  Refinery  
  153  9:00  Marine  
  153  9:01  Marine x3  
  157  9:04  Medivac  
  157  9:08  Marine x2, Marauder  
  157  9:09  SCV x2, Command Center  
  165  9:17  SCV, Marauder  
  165  9:18  Marine x2  
  165  9:19  Marine x2  
  165  9:21  SCV x2  
  170  9:26  Marine  
  170  9:29  Marauder  
  170  9:39  Barracks Reactor  
  170  9:41  Orbital Command  
  170  9:44  SCV  
  170  9:45  SCV x2  
  173  9:56  SCV  
  173  9:57  SCV x2  
  176  10:05  Missile Turret x2  
  176  10:20  SCV x3  
  179  10:26  Planetary Fortress, Missile Turret x2  
  179  10:27  Orbital Command  
  179  10:32  Thor  
  179  10:33  Liberator  
  179  10:34  Liberator  
  179  10:35  Marine x4  
  195  10:44  Marine x5  
  195  10:46  Barracks  
  200  10:51  Missile Turret  
  200  10:54  Missile Turret  
  200  11:11  Missile Turret  
  200  11:12  Marine  
  200  11:16  Missile Turret  
  198  11:40  Missile Turret  
  198  11:45  Missile Turret  
  198  11:49  Marine x3  
  198  11:50  Marine x7  
  198  11:54  Thor  
  168  11:55  Medivac x2  
  168  11:59  Barracks Reactor, Missile Turret  
  157  12:07  Marine x6, Missile Turret  
  157  12:08  Marine x4  
  153  12:11  Barracks  
  153  12:12  Barracks  
  139  12:16  Barracks x2  
  139  12:17  Barracks  
  139  12:18  Barracks x2  
  136  12:24  Marine, Command Center, Medivac  
  136  12:25  Marine x8, Medivac  
  136  12:26  Marine  
  136  12:29  Missile Turret  
  150  12:31  Command Center  
  150  12:39  Thor  
  150  12:42  Marine, Missile Turret  
  150  12:43  Marine x9  
  166  12:50  Marine  
  166  12:51  Marine  
  168  12:54  Medivac, Missile Turret  
  168  12:55  Medivac  
  172  13:00  Marine  
  172  13:01  Marine x7, Terran Infantry Weapons Level 3, Terran Infantry Armor Level 3  
  172  13:02  Barracks  
  172  13:03  Barracks Reactor x4  
  172  13:04  Missile Turret  
  180  13:08  Marine  
  180  13:09  Marine  
  180  13:10  Marauder x2  
  180  13:11  Barracks Tech Lab x2  
  180  13:12  Barracks  
  187  13:18  Marine, Barracks Tech Lab  
  187  13:22  Thor  
  193  13:31  Marauder  
  195  13:36  Marauder  
  197  13:42  Marine  
  197  13:43  Marine  
  197  13:44  Marine  
  200  14:14  Marine x14  
  200  14:15  Marine x9  
  200  14:16  Barracks Reactor  
  133  14:31  Marine  
  133  14:32  Marine x8  
  133  14:33  Marauder x5  
  152  14:50  Marine  
  152  14:51  Marine  
  152  14:52  Marine x10  
  156  14:53  Thor  
  156  14:54  Marauder  
  156  14:55  Marauder x4, Medivac  
  156  14:57  Medivac  
  184  15:07  Marine x5, Command Center  
  189  15:16  Marauder x2  
  193  15:23  Marine x3, Marauder x2  
  200  15:34  Terran Vehicle Weapons Level 1  
  200  15:41  Orbital Command  
  200  15:44  Barracks Reactor  
  200  15:56  Planetary Fortress  
  200  15:58  Barracks Reactor  
  175  16:14  Marine x8  
  175  16:15  Marine x15  
  114  16:22  Marine  
  114  16:23  Marine  
  116  16:32  Marine x14  
  118  16:33  Marine x3  
  118  16:39  Marine  
  133  16:40  Marine x7  
  133  16:45  Orbital Command  
  141  17:06  Hi-Sec Auto Tracking, Neosteel Armor  
  141  17:08  Marine x4  
  142  17:09  Marine x23  
  168  17:26  Marine x8  
  168  17:27  Marine x2  
  172  17:54  Marine  
  172  17:56  Marauder x5  
  183  18:01  Siege Tank  
  183  18:03  Medivac x2  
  190  18:17  Marauder x3  
  190  18:18  Marauder x2  
  200  18:38  Marauder  
  200  18:39  Marauder x4  
  99  19:00  Marauder x2  
  80  19:13  Marauder  
  80  19:14  Marauder  
  80  19:15  Marine x6  
  80  19:16  Marine x10  
  100  19:21  Marauder  
  100  19:22  Marauder  
  90  19:33  Marine x8  
  90  19:34  Marine  
Tags
 
Add a new tag
Caveats
  • Supply blocks, unpowered buildings, or Contaminate may cause inaccurate times.
  • Supply counts are checked every 10 seconds.